 Dungeon Crawl Stone Soup version 0.17.0-23-g0de4337 (console) character file.

130 gw the Shooter (level 4, -2/30 HPs)
             Began as a High Elf Hunter on Nov 15, 2015.
             Slain by Robin
             ... wielding a +0 spear
              (3 damage)
             ... on level 4 of the Dungeon.
             The game lasted 00:02:18 (3537 turns).

gw the Shooter (High Elf Hunter)                    Turns: 3537, Time: 00:02:18

Health: -2/30      AC:  6    Str: 11    XL:     4   Next: 90%
Magic:  5/5        EV: 12    Int: 15    God:
Gold:   141        SH:  0    Dex: 16    Spells: 0 memorised, 3 levels left

rFire  . . .     SeeInvis .     b - +0 falchion
rCold  . . .     Clarity  .     h - +0 ring mail
rNeg   . . .     SustAt   .     (no shield)
rPois  .         Gourm    .     p - +0 hat {MR+}
rElec  .         Spirit   .     (no cloak)
rCorr  .         Warding  .     q - +0 pair of gloves
rMut   .         Stasis   .     (no boots)
MR     ++...                    (no amulet)
Stlth  +.........               (no ring)
                                i - ring of protection from magic

@: very resistant to hostile enchantments, very unstealthy
A: subdued magic 1
a: no special abilities


You were on level 4 of the Dungeon.
You were not hungry.

You visited 1 branch of the dungeon, and saw 4 of its levels.

You collected 141 gold pieces.

Inventory:

Hand Weapons
 a - a +1 shortbow
 b - a +0 falchion (weapon)
Missiles
 f - 13 arrows of frost
 j - 17 poisoned arrows
 r - 15 arrows
Armour
 h - a +0 ring mail (worn)
 p - a +0 hat of magic resistance (worn)
 q - a +0 pair of gloves (worn)
Jewellery
 i - a ring of protection from magic (left hand)
Scrolls
 d - 3 scrolls of teleportation
 m - a scroll of identify
Potions
 g - a potion of curing
Comestibles
 e - 2 bread rations
 n - 3 fruits


   Skills:
 + Level 2.9 Fighting
 + Level 0.0 Long Blades
 * Level 6.9 Bows
 + Level 3.4 Dodging
 - Level 1.1 Stealth


You had 3 spell levels left.
You didn't know any spells.

Dungeon Overview and Level Annotations

Branches:
Dungeon (4/15)
 Temple: D:4-7

Altars:

Annotations:
D:4 Robin


Innate Abilities, Weirdness & Mutations

Your spells are a little easier to cast, but a little less powerful.


Message History

The hobgoblin hits you but does no damage.
The jackal bites you.
Robin roars a battlecry!
The hobgoblin goes into a battle-frenzy!
Robin hits you but does no damage.
A goblin comes into view. It is wielding a club.
ATTACK MOVE TO (-1,0)
You hit the hobgoblin.
You kill the hobgoblin!
The jackal barely misses you.
Robin roars a battlecry!
Robin closely misses you.
The jackal bites you but does no damage.
A goblin comes into view. It is wielding a dagger.
ATTACK MOVE TO (-1,0)
You hit the hobgoblin.
The hobgoblin is moderately wounded.
The hobgoblin hits you but does no damage.
The jackal barely misses you. Robin hits you from afar with a spear.
You die...

.##.####).<#..8.8..##
...........##.....##
.................##
.##....#######..##
####. #..# #. #..# #.
#..# #.#######..#


#gggehhg...# #gg#####...# .....g......(# .###.#.####.### #.# #(# #.# #.# #.# You
could see Robin, 2 jackals, 2 hobgoblins and 3 goblins.

Table legend:
 A = Turns spent in this place as a percentage of turns spent in the entire game.
 B = Non-inter-level travel turns spent in this place as a percentage of non-inter-level travel turns spent in the entire game.
 C = Inter-level travel turns spent in this place as a percentage of turns spent in this place.
 D = Turns resting spent in this place as a percentage of non-inter-level travel turns spent in this place.
 E = Turns spent auto-exploring this place as a percentage of non-inter-level travel turns spent in this place.
 F = Non-inter-level travel turns spent in this place divided by the number of levels of this place that you've seen.
                   A       B       C       D       E      F
               +-------+-------+-------+-------+-------+----------------------
         Total | 100.0 | 100.0 |   0.4 |   0.8 |   2.4 | 1331.2
       Dungeon | 100.0 | 100.0 |   0.4 |   0.8 |   2.4 | 1331.2
               +-------+-------+-------+-------+-------+----------------------

Table legend:
 A = Kills in this place as a percentage of kills in entire the game.
 B = Kills by you in this place as a percentage of kills by you in the entire game.
 C = Kills by friends in this place as a percentage of kills by friends in the entire game.
 D = Other kills in this place as a percentage of other kills in the entire game.
 E = Experience gained in this place as a percentage of experience gained in the entire game.
 F = Experience gained in this place divided by the number of levels of this place that you have seen.
                   A       B       C       D       E      F
               +-------+-------+-------+-------+-------+----------------------
         Total | 100.0 | 100.0 |  -nan |  -nan | 100.0 |  46.8
       Dungeon | 100.0 | 100.0 |  -nan |  -nan | 100.0 |  46.8
               +-------+-------+-------+-------+-------+----------------------

Vanquished Creatures
  7 adders
  A worm (D:2)
  3 giant geckos
  An orc (D:3)
  A ball python (D:1)
  3 giant cockroaches
  11 goblins
  7 hobgoblins
  12 bats
  5 giant newts
  10 kobolds
  6 rats
67 creatures vanquished.

Notes
Turn   | Place    | Note
--------------------------------------------------------------
     0 | D:1      | gw the High Elf Hunter began the quest for the Orb.
     0 | D:1      | Reached XP level 1. HP: 14/14 MP: 2/2
   178 | D:1      | Reached XP level 2. HP: 19/19 MP: 3/3
  1160 | D:2      | Reached XP level 3. HP: 25/25 MP: 4/4
  1438 | D:2      | Reached skill level 6 in Bows
  2227 | D:3      | Reached XP level 4. HP: 13/30 MP: 5/5
  3401 | D:3      | Gained mutation: You are clumsy. (Dex -2) [potion of mutation]
  3401 | D:3      | Gained mutation: Your spells are a little easier to cast, but a little less powerful. [potion of mutation]
  3401 | D:3      | Lost mutation: You are clumsy. (Dex -2) [potion of mutation]
  3522 | D:4      | Noticed Robin
  3535 | D:4      | HP: 1/30 [jackal (1)]
  3537 | D:4      | Slain by Robin

Action                   |  1- 3 |  4- 6 || total
-------------------------+-------+-------++-------
Melee: Short sword       |    84 |    71 ||   155
       Falchion          |       |    31 ||    31
 Fire: Shortbow          |    62 |    19 ||    81
  Use: Scroll            |     5 |     2 ||     7
       Potion            |     5 |     1 ||     6
 Stab: Sleeping          |     1 |       ||     1
  Eat: Chunk             |     4 |     4 ||     8

Vault maps used:
D:1:      dpeg_arrival_rooms_with_view, kennysheep_boxes
D:2:      first_bread
D:4:      grunt_ministairs_9, kennysheep_okawaru_gauntlet, uniq_robin
